 Dungeon Crawl Stone Soup version 0.30-a0-691-g754fce4c43 (webtiles) character file.

Game seed: 6793427600024732310

815 ASSMAN the Carver (level 7, -5/55 HPs)
             Began as a Red Draconian Gladiator on Jan 20, 2023.
             Slain by Menkaure (15 damage)
             ... on level 4 of the Dungeon.
             The game lasted 00:04:32 (3365 turns).

ASSMAN the Carver (Red Draconian Gladiator)         Turns: 3365, Time: 00:04:33

Health: -5/55      AC:  7    Str: 18    XL:     7   Next: 62%
Magic:  7/7        EV: 12    Int:  9    God:
Gold:   178        SH:  0    Dex: 12    Spells: 6/6 levels left

rFire   + . .      SeeInvis .    c - +1 falchion (freeze)
rCold   . . .      Faith    .    (no shield)
rNeg    . . .      Spirit   .    (body armour unavailable)
rPois   .          Reflect  .    b - +0 hat
rElec   .          Harm     .    o - +0 cloak
rCorr   .          Rampage  .    (no gloves)
Will    .....                    (no boots)
Stlth   +                        (no amulet)
HPRegen 0.29/turn                (no ring)
MPRegen 0.10/turn                (no ring)

@: no status effects
A: breathe fire, AC +6, unfitting armour, fire resistance 1, cold-blooded
a: Breathe Fire


You were on level 4 of the Dungeon.
You visited 1 branch of the dungeon, and saw 4 of its levels.

You collected 178 gold pieces.

Inventory:

Hand Weapons
 a - a +0 long sword
 c - a +1 falchion of freezing (weapon)
 l - a +2 heavy falchion
Missiles
 d - a javelin (quivered)
 k - 3 throwing nets
Armour
 b - a +0 hat (worn)
 o - a +0 cloak (worn)
Wands
 p - a wand of flame (19)
 q - a wand of polymorph (5)
Scrolls
 e - 3 scrolls of magic mapping {unknown}
 f - a scroll of noise {unknown}
 g - 2 scrolls of identify {unknown}
 h - 5 scrolls of teleportation {unknown}
 i - a scroll of poison {unknown}
 m - 2 scrolls of fog {unknown}
 n - a scroll of enchant armour {unknown}
 s - 3 scrolls of silence {unknown}
Potions
 j - 2 potions of magic
 r - a potion of attraction
 t - a potion of flight {unknown}


   Skills:
 - Level 2.1 Fighting
 + Level 9.2 Long Blades
 - Level 1.7 Throwing
 - Level 2.6 Dodging


You had 6 spell levels left.
You didn't know any spells.
Your spell library contained the following spells:

 Spells                   Type           Power      Damage    Failure   Level
 Foxfire                  Conj/Fire      0%         2x1d4     38%         1
 Cigotuvi's Dreadful Rot  Necr/Pois/Air  0%         N/A       52%         2
 Poisonous Vapours        Pois/Air       0%         N/A       52%         2
 Static Discharge         Conj/Air       0%         2-2/arc   52%         2
 Mephitic Cloud           Conj/Pois/Air  0%         N/A       77%         3
 Vhi's Electric Charge    Tloc/Air       0%         N/A       77%         3
 Arcjolt                  Conj/Air       0%         1d10      100%        5
 Fireball                 Conj/Fire      0%         3d3       100%        5
 Lightning Bolt           Conj/Air       0%         1d11      100%        5
 Starburst                Conj/Fire      0%         6d3       100%        6


Dungeon Overview and Level Annotations

Branches:
Dungeon (4/15)
 Temple: D:4-7

Altars:

Annotations:
D:1 2 transporters
D:4 Menkaure


Innate Abilities, Weirdness & Mutations

You can breathe blasts of fire.
Your fiery red scales are hard. (AC +6)
You cannot fit into any form of body armour.
Your flesh is heat resistant. (rF+)
You are cold-blooded and may be slowed by cold attacks.


Message History

The worm bites you but does no damage.
You slash the worm! You freeze the worm.
The worm is almost dead.
You slash the worm! You freeze the worm.
You kill the worm!
No target in view!
Menkaure, Prince of Dust comes into view.
Menkaure shouts!
Menkaure rustles in an indecipherable tongue.
Menkaure casts a spell.
Menkaure seems to speed up.
Menkaure is nearby!
Menkaure is nearby!
Menkaure is nearby!
A jelly comes into view.
The jelly quivers.
Menkaure barely misses you.
You hit Menkaure.
You tail-slap Menkaure, but do no damage.
Menkaure is lightly damaged.
Menkaure hits you but does no damage.
You slash Menkaure! You freeze Menkaure.
You tail-slap Menkaure, but do no damage.
Menkaure is severely damaged.
Menkaure calls on the powers of darkness!
Your body is wracked with pain!
The jelly convulses!
You hit Menkaure.
Menkaure is severely damaged.
Menkaure hits you!!
* * * LOW HITPOINT WARNING * * *
You are too injured to fight recklessly!
You hit Menkaure.
Menkaure is severely damaged.
Menkaure closely misses you.
Okay, then.
You hit Menkaure. You freeze Menkaure.
You tail-slap Menkaure, but do no damage.
Menkaure is almost destroyed.
Menkaure hits you!
You die...

##....##.#..
#.......# .
##..#.###
#..####
##..###
#.....#.##
#.........
#.###.....
#.@J...#..
###M.....<
..#.... ..#
..# .## . ..
#. #


You could see Menkaure (fast) and a jelly.

Vanquished Creatures
  Pikel (D:4)
  Eustachio (D:4)
  Jessica (D:3)
  Terence (D:3)
  3 gnolls (D:2)
  5 adders
  2 worms
  A dart slug (D:2)
  An orc (D:4)
  6 endoplasms
  5 giant cockroaches
  12 goblins
  4 hobgoblins
  7 jackals
  3 kobolds
  4 quokkas
  4 ball pythons
  6 bats
  3 frilled lizards
  7 rats
77 creatures vanquished.

Notes
Turn   | Place    | Note
-------+----------+-------------------------------------------
     0 | D:1      | ASSMAN the Draconian Gladiator began the quest for the Orb.
     0 | D:1      | Reached XP level 1. HP: 17/17 MP: 1/1
   211 | D:1      | Reached XP level 2. HP: 24/24 MP: 2/2
   282 | D:1      | Reached skill level 4 in Long Blades
   689 | D:1      | Reached XP level 3. HP: 29/29 MP: 3/3
  1375 | D:2      | Reached skill level 5 in Long Blades
  1375 | D:2      | Reached XP level 4. HP: 22/36 MP: 4/4
  2052 | D:3      | Noticed Jessica
  2063 | D:3      | Killed Jessica
  2064 | D:3      | Reached XP level 5. HP: 26/41 MP: 5/5
  2416 | D:3      | Noticed Terence
  2425 | D:3      | Killed Terence
  2426 | D:3      | Reached skill level 6 in Long Blades
  3053 | D:4      | Noticed Eustachio
  3071 | D:4      | Killed Eustachio
  3072 | D:4      | Reached skill level 7 in Long Blades
  3072 | D:4      | Reached XP level 6. HP: 32/48 MP: 6/6
  3205 | D:4      | Noticed Pikel
  3226 | D:4      | Killed Pikel
  3227 | D:4      | Reached skill level 9 in Long Blades
  3227 | D:4      | Your scales start taking on a fiery red colour.
  3227 | D:4      | Reached XP level 7. HP: 27/55 MP: 7/7
  3227 | D:4      | Gained mutation: Your flesh is heat resistant. (rF+) [Red
                  | Draconian growth]
  3358 | D:4      | Noticed Menkaure
  3365 | D:4      | Slain by Menkaure

Illustrated notes

Levels and vault maps discovered:
D:1:      spicycebolla_arrival_transporter_tutorial, layout_loops_ring
D:2:      layout_basic, minivault_4, grunt_ministairs_9
D:3:      layout_basic, uniq_terence, uniq_jessica
D:4:      minmay_diamond_boxcup, layout_cave_pools, okawaru_metal_pillars_1_2,
          minmay_fountain_box, minmay_increasing_density, uniq_menkaure,
          uniq_pikel, uniq_eustachio

Skill      XL: |  1  2  3  4  5  6 |
---------------+-------------------+-----
Long Blades    | 4 5 7 9 |  9.2
Fighting       | |  2.1
Throwing       | |  1.7
Dodging        | |  2.6

Action                   |  1- 3 |  4- 6 |  7- 9 || total
-------------------------+-------+-------+-------++-------
Melee: Long sword        |   149 |    30 |       ||   179
       Tailslap          |    13 |    11 |     3 ||    27
       Punch             |     1 |       |       ||     1
       Falchion          |       |    71 |     9 ||    80
       Unarmed           |       |     7 |     1 ||     8
Throw: Throwing net      |       |     5 |       ||     5
  Use: Potion            |       |     4 |       ||     4
 Stab: Sleeping          |     4 |     1 |       ||     5
Armor: Skin              |    70 |    53 |     2 ||   125
Dodge: Dodged            |   128 |    89 |     2 ||   219

Table legend: (Time is in decaauts)
 A = Elapsed time spent in this place.
 B = Non-inter-level travel time spent in this place.
 C = Inter-level travel time spent in this place.
 D = Time resting spent in this place.
 E = Time spent auto-exploring this place.
 F = Levels seen in this place.
 G = Mean time per level.
                   A        B        C        D        E       F      G
               +--------+--------+--------+--------+--------+-----+--------+
         Total |   3406 |   3342 |     64 |     25 |   2677 |   4 |  851.5 |
       Dungeon |   3406 |   3342 |     64 |     25 |   2677 |   4 |  851.5 |
               +--------+--------+--------+--------+--------+-----+--------+

Top non-repeatable levels by time:
     D:2: 1129 daAuts
     D:3: 955 daAuts
     D:1: 828 daAuts
     D:4: 493 daAuts
